 Dungeon Crawl Stone Soup version 0.17-a0-1691-g18a3847 (webtiles) character file.

2361 achirane the Destroyer (level 9, -5/45 HPs)
             Began as a Deep Elf Wizard on Aug 20, 2015.
             Was an Initiate of Ashenzari.
             Slain by an orc warrior
             ... wielding a +0 short sword
              (8 damage)
             ... on level 6 of the Dungeon.
             The game lasted 01:30:30 (10865 turns).

achirane the Destroyer (Deep Elf Wizard)           Turns: 10865, Time: 01:30:30

Health: -5/45      AC:  3    Str: 14    XL:     9   Next: 21%
Magic:  9/30       EV: 12    Int: 26    God:    Ashenzari [......]
Gold:   301        SH:  0    Dex: 11    Spells: 5 memorised, 11 levels left

rFire  . . .     SeeInvis .     D - +9 falchion "Jotting" {drain, MP+9 Str+9 Dex-5}
rCold  . . .     Clarity  .     o - +0 robe
rNeg   . . .     SustAt   .     (no shield)
rPois  .         Gourm    .     l - +0 helmet
rElec  .         Spirit   .     (no cloak)
rCorr  .         Warding  .     (no gloves)
rMut   .         Stasis   .     (no boots)
MR     .....                    (no amulet)
Stlth  ++........               (no ring)
                                C - +3 ring of dexterity

@: not resistant to hostile enchantments, unstealthy
A: no striking features
a: Renounce Religion


You were on level 6 of the Dungeon.
You worshipped Ashenzari.
Ashenzari was noncommittal.
You were not hungry.

You visited 1 branch of the dungeon, and saw 6 of its levels.

You collected 301 gold pieces.

Inventory:

Hand weapons
 g - a +0 short sword
 j - a +0 quarterstaff
 D - the +9 falchion "Jotting" (weapon) {drain, MP+9 Str+9 Dex-5}
   (You found it on level 6 of the Dungeon)

   A truly terrible weapon, it drains the life of those it strikes.
   It affects your strength (+9).
   It affects your dexterity (-5).
   It affects your magic capacity (+9).
 E - a +1 shortbow of freezing
Missiles
 f - 131 stones (quivered)
 p - 8 sling bullets
 F - 61 arrows
Armour
 a - a +0 robe
 b - a +0 hat
 l - a +0 helmet (worn)
 o - a +0 robe (worn)
Jewellery
 C - a +3 ring of dexterity (left hand)
Scrolls
 e - 2 scrolls of fear
 i - a scroll of amnesia
 m - a scroll of blinking {unknown}
 n - 6 scrolls of remove curse
 t - a scroll of enchant armour {unknown}
 w - 2 scrolls of teleportation
 y - 2 scrolls of magic mapping {unknown}
Potions
 q - 2 potions of cancellation
 r - a potion of heal wounds {unknown}
 s - a potion of brilliance {unknown}
 u - a potion of agility {unknown}
 v - 4 potions of flight
 x - a potion of curing
 z - a potion of cure mutation {unknown}
 A - a potion of resistance {unknown}
 G - a potion of ambrosia {unknown}
Books
 c - a book of Minor Magic

   Spells                             Type                      Level
   a - Magic Dart                     Conjuration                  1
   b - Blink                          Translocation                2
   c - Call Imp                       Summoning                    2
   d - Repel Missiles                 Charms/Air                   2
   e - Slow                           Hexes                        2
   f - Conjure Flame                  Conjuration/Fire             3
   g - Mephitic Cloud                 Conjuration/Poison/Air       3
Comestibles
 d - 2 bread rations
 h - a meat ration
 k - 2 fruits
 B - 3 beef jerkies


   Skills:
 - Level 5.0 Staves
 - Level 2.4 Dodging
 - Level 2.4 Stealth
 - Level 7.1 Spellcasting
 - Level 10.0 Conjurations
 + Level 6.5 Charms
   Level 1.1 Summonings
 - Level 1.1 Translocations
 + Level 1.2 Fire Magic


You had 11 spell levels left.
You knew the following spells:

 Your Spells              Type           Power        Failure   Level  Hunger
a - Magic Dart            Conj           ####         1%          1    None
b - Blink                 Tloc           N/A          10%         2    None
c - Repel Missiles        Chrm/Air       ####..       2%          2    None
d - Mephitic Cloud        Conj/Pois/Air  ####....     6%          3    None
e - Conjure Flame         Conj/Fire      #####...     1%          3    None


Dungeon Overview and Level Annotations

Branches:
Dungeon (6/15)
 Temple: D:4-7

Altars:
Ashenzari
Cheibriados
Dithmenos
Fedhas
Kikubaaqudgha
Makhleb
Ru
Sif Muna
Trog
Xom
Zin

Annotations:
D:5 Vikmgn's ghost, experienced DDFi


Message History

Casting: Mephitic Cloud
Confirm with . or Enter, or press ? or * to list all spells.
Aiming: Mephitic Cloud
Press: ? - help, Shift-Dir - straight line That beam is likely to hit you.
Continue anyway?
Okay, then.
Okay, then.
The orc barely misses the orc.
The orc gestures wildly.
Casting: Mephitic Cloud
Confirm with . or Enter, or press ? or * to list all spells.
Aiming: Mephitic Cloud
Press: ? - help, Shift-Dir - straight line
Okay, then.
Casting: Mephitic Cloud
Confirm with . or Enter, or press ? or * to list all spells.
You blink.
The orc hits you with a dagger.
* * * LOW HITPOINT WARNING * * *
The orc warrior hits you with a short sword!
You die...

#.......#..##..
#..#.......# .
#.........## .
##......<.# .
##........## .
##..###.....###.
####..## ##........
#.#o#.## #..###...
####@.#..####..# ##..
#.#o..#....##..# #..
#.ยง............####..
#####..####.....##...
#.#..## ##....#.... #
## #....# ##.........
# #### ..
###..###....##....
#####..# ###.
###......####...
##.##..###..#
##.....).## #...


You could see an orc warrior and an orc.

Vanquished Creatures
  Pikel (D:4)
  A hippogriff (D:5)
  4 slaves
  3 ogres
  2 centaurs (D:5)
  2 scorpions
  2 vampire bats (D:3)
  2 crimson imps
  A giant frog zombie (D:5)
  2 jellies (D:5)
  2 hounds (D:5)
  3 orc priests (D:3)
  A centaur zombie (D:5)
  7 orc wizards
  A giant frog skeleton (D:4)
  2 centaur skeletons
  A gnoll shaman (D:5)
  Natasha (thrice) (D:4)
  7 worker ants
  Robin (D:4)
  9 gnolls
  9 adders
  A shadow imp (D:6)
  An ooze (D:1)
  An adder zombie (D:5)
  4 worms
  2 giant geckos
  26 orcs
  2 ball pythons
  3 bat skeletons (D:3)
  4 bat zombies (D:3)
  3 hobgoblins
  5 jackals
  10 kobolds
  4 quokkas
  6 bats
  10 giant cockroaches
  7 giant newts
  10 goblins
  A quokka skeleton (D:4)
  7 rats
  4 bushes (D:2)
177 creatures vanquished.

Vanquished Creatures (others)
  An orc wizard (D:5)
  An iguana (D:5)
  An orc (D:5)
3 creatures vanquished.

Grand Total: 180 creatures vanquished

Notes
Turn   | Place    | Note
--------------------------------------------------------------
     0 | D:1      | achirane the Deep Elf Wizard began the quest for the Orb.
     0 | D:1      | Reached XP level 1. HP: 10/10 MP: 7/7
   236 | D:1      | Reached XP level 2. HP: 15/15 MP: 7/9
   552 | D:1      | Learned a level 2 spell: Blink
   555 | D:1      | Learned a level 2 spell: Repel Missiles
   921 | D:1      | You fall through a shaft!
  1209 | D:2      | Reached XP level 3. HP: 19/19 MP: 6/10
  1244 | D:2      | Learned a level 3 spell: Mephitic Cloud
  2675 | D:3      | Reached skill level 1 in Staves
  2675 | D:3      | Reached XP level 4. HP: 18/24 MP: 12/12
  3377 | D:3      | Found an ancient bone altar of Kikubaaqudgha.
  3452 | D:3      | Reached skill level 5 in Spellcasting
  3452 | D:3      | Reached XP level 5. HP: 22/28 MP: 9/14
  3462 | D:3      | Reached skill level 6 in Spellcasting
  4044 | D:3      | Found a shattered altar of Ashenzari.
  4048 | D:3      | Saw a vision of the Swamp and the Snake Pit.
  4048 | D:3      | Noticed a shock serpent
  4048 | D:3      | Noticed a naga
  4048 | D:3      | Noticed an alligator
  4048 | D:3      | Noticed an alligator
  4048 | D:3      | Noticed an anaconda
  4048 | D:3      | Noticed a shock serpent
  4048 | D:3      | Noticed a naga
  4048 | D:3      | Noticed an alligator
  4048 | D:3      | Noticed a guardian serpent
  4049 | D:3      | Noticed a mana viper
  4049 | D:3      | Noticed an alligator
  4116 | D:3      | HP: 1/28 [orc priest (6)]
  4128 | D:3      | Reached XP level 6. HP: 5/32 MP: 1/17
  4480 | D:3      | Reached skill level 7 in Spellcasting
  5117 | D:4      | Found a snail-covered altar of Cheibriados.
  5129 | D:4      | Found a shadowy altar of Dithmenos.
  5129 | D:4      | Found a sacrificial altar of Ru.
  5129 | D:4      | Noticed Pikel
  5612 | D:4      | Noticed Natasha
  5659 | D:4      | Killed Natasha
  5809 | D:4      | Noticed Robin
  6173 | D:4      | Noticed Natasha
  6239 | D:4      | Killed Natasha
  6249 | D:3      | Reached XP level 7. HP: 25/36 MP: 1/19
  6430 | D:4      | Noticed Natasha
  6431 | D:4      | Killed Natasha
  6561 | D:4      | Killed Robin
  6561 | D:4      | Reached skill level 5 in Staves
  7047 | D:4      | Killed Pikel
  7047 | D:4      | Reached XP level 8. HP: 31/41 MP: 13/20
  7264 | D:4      | Found a bloodstained altar of Trog.
  7661 | D:5      | Entered Level 5 of the Dungeon
  7683 | D:5      | Reached skill level 8 in Conjurations
  7694 | D:5      | Found a shimmering altar of Xom.
  8088 | D:5      | Found a blossoming altar of Fedhas.
  8130 | D:5      | Noticed Vikmgn's ghost (experienced DDFi)
  8201 | D:5      | Reached skill level 9 in Conjurations
  8781 | D:5      | Reached skill level 10 in Conjurations
  8949 | D:3      | Found a shattered altar of Ashenzari.
  8954 | D:3      | Became a worshipper of Ashenzari the Shackled
  9212 | D:5      | Found a deep blue altar of Sif Muna.
  9544 | D:6      | Reached XP level 9. HP: 45/45 MP: 9/21
  9657 | D:6      | Found a burning altar of Makhleb.
  9658 | D:6      | Found a glowing silver altar of Zin.
  9658 | D:6      | Noticed an angel
  9659 | D:6      | Noticed a green death
  9784 | D:6      | Reached skill level 5 in Charms
 10418 | D:5      | Learned a level 3 spell: Conjure Flame
 10742 | D:6      | Got the falchion "Jotting" {drain, MP+9 Str+9 Dex-5}
 10743 | D:6      | Identified the +9 falchion "Jotting" {drain, MP+9 Str+9 Dex-5} (You found it on level 6 of the Dungeon)
 10846 | D:6      | Reached skill level 1 in Fire Magic
 10865 | D:6      | Slain by an orc warrior

Vault maps used:
D:1:      saegor_arrival_simple_d, due_unseen_surprise
D:2:      first_bread, serial_forest, infiniplex_forest_clump_diagonal,
          infiniplex_forest_end_2, infiniplex_forest_split,
          infiniplex_forest_straight_4, infiniplex_forest_clump_long,
          infiniplex_forest_diagonal, infiniplex_forest_end_2,
          serial_bayou_lagoon_a
D:3:      lemuel_upstairs_altar, kennysheep_vampire_church,
          portal_sewer_entry_a, grunt_ashenzari_visionary
D:4:      grunt_temple_overflow_open, minmay_misc_feat_columns,
          trog_butcher_becter, uniq_natasha, uniq_robin, uniq_pikel
D:5:      fedhas_bush_and_centaur_altar, lemuel_crystal_altar,
          xom_confusion_cloud, hangedman_decor_points, fountainhead,
          minmay_misc_feat_pillars
D:6:      grunt_temple_overflow_order_and_chaos_2, kennysheep_mini,
          lemuel_doored_altar, minmay_temple_entry_junction, minmay_fountain_box

Action                   |  1- 3 |  4- 6 |  7- 9 || total
-------------------------+-------+-------+-------++-------
Melee: Quarterstaff      |   469 |    47 |    23 ||   539
Throw: Stone             |       |       |     1 ||     1
 Cast: Magic Dart        |    80 |   205 |   333 ||   618
       Blink             |     1 |     3 |     1 ||     5
       Mephitic Cloud    |       |    21 |    40 ||    61
  Use: Potion            |       |     6 |       ||     6
       Scroll            |       |     5 |     1 ||     6
 Stab: Sleeping          |       |     2 |     1 ||     3
       Confused          |       |       |     2 ||     2
  Eat: Chunk             |     3 |     8 |    11 ||    22
       Meat ration       |     1 |       |       ||     1
       Beef jerky        |       |     1 |       ||     1
       Pizza             |       |       |     1 ||     1
       Fruit             |       |       |     2 ||     2
